cohdb
Replays
Latest Replays
All Replays
Popular Replays
Top Player Replays
Match Explorer
How It Works
Community
CoH3 Stats
Reddit
Sign in to upload your games and track your stats! →
Sign in with Steam
Match 42918938
Unlisted
Match 42918938
Overview
Messages
Build Orders
End
Vickers Machine Gun Team
Construct Section Command Post
Infantry Section
Infantry Section
ML 3-inch Mortar Team
Grenade Package
Construct Field Infirmary
Selects Canadian Shock Battlegroup
Selects Incendiary Munitions
Construct Platoon Command Post
Infantry Section
Humber Armored Car
Infantry Section
Royal Engineer Section
6-pounder Anti-tank Gun Team
Construct Company Command Post
bigmac
Geffery
[KMLT]Sorceleur
MarcusGOW
AI
只因你太美
0
0
Comments
sign in to comment!
No comments posted yet!